 Dungeon Crawl Stone Soup version 0.20-a0-830-g2c9a30d (webtiles) character file.

47 M4edhros the Skirmisher (level 3, -11/26 HPs)
             Began as an Octopode Fighter on Mar 7, 2017.
             Killed by nerve-wracking pain
             ... invoked by an orc priest
              (15 damage)
             ... on level 3 of the Dungeon.
             The game lasted 00:00:25 (437 turns).

M4edhros the Skirmisher (Octopode Fighter)           Turns: 437, Time: 00:00:26

Health: -11/26     AC:  1    Str: 15    XL:     3   Next: 70%
Magic:  3/3        EV: 12    Int: 10    God:
Gold:   19         SH:  8    Dex: 12    Spells: 2/2 levels left

rFire    . . .     SeeInvis .   a - +0 long sword
rCold    . . .     Gourm    .   b - +0 shield
rNeg     . . .     Faith    .   (helmet restricted)
rPois    .         Spirit   .   g - amulet of harm
rElec    .         Reflect  .   e - ring of resist corrosion
rCorr    +         Harm     +   (no ring)
MR       .....                  (no ring)
Stlth    ++........             (no ring)
Regen    0.1/turn               (no ring)
MPRegen  0.1/turn               (no ring)
                                (no ring)
                                (no ring)

@: no status effects
A: almost no armour, stealthy swim, amphibious, 8 rings, constrict 8, camouflage
1, gelatinous body 1
a: no special abilities


You were on level 3 of the Dungeon.
You were not hungry.

You visited 1 branch of the dungeon, and saw 3 of its levels.

You collected 19 gold pieces.

Inventory:

Hand Weapons
 a - a +0 long sword (weapon)
Armour
 b - a +0 shield (worn)
Jewellery
 e - a ring of resist corrosion (left tentacle)
 g - an amulet of harm (around mantle)
Potions
 c - a potion of might
 f - a potion of curing {unknown}
Comestibles
 d - a bread ration


   Skills:
 + Level 3.3 Fighting
 * Level 3.0 Long Blades
 + Level 3.3 Dodging
 + Level 3.3 Shields


You had 2 spell levels left.
You didn't know any spells.

Dungeon Overview and Level Annotations

Branches:
Dungeon (3/15)

Altars:


Innate Abilities, Weirdness & Mutations

You cannot wear most types of armour.
You are very stealthy in the water. (Stealth+)
You are amphibious.
You can wear up to eight rings at the same time.
You can use your tentacles to constrict eight enemies at once.
Your skin changes colour to match your surroundings (Stealth+).
Your rubbery body absorbs attacks. (AC +1, EV +1)


Message History

You block Terence's attack. You block the orc's attack.
The orc hits you with a mace.
* * * LOW HITPOINT WARNING * * *
You hit Terence but do no damage.
Terence is almost dead.
You constrict Terence.
You kill Terence!
You have reached level 3!
Your experience leads to an increase in your attributes!
Increase (S)trength, (I)ntelligence, or (D)exterity?
You feel agile. The orc misses you.
You riposte.
Your shield prevents you from hitting the orc.
You grab the orc. You squeeze the orc.
You kill the orc!
Your Long Blades skill increases to level 3!
The orc priest calls down the wrath of Beogh upon you.
Pain shoots through your body!
Ouch! That really hurt!
You die...

#### ########## .....
#........# ≈≈...####
##........##
♣.....#####..........#
♣...)..........##)...#
♣oo.)@.........##....#
♣≈≈≈..o................#
≈o≈♣.s...?..<..........#
≈P≈≈....####..##...###.#
≈≈≈♣≈...# #..##...###.#
≈P≈≈♣#### #..##.......†
≈≈≈≈ #..##........ ≈≈
.....>.......
###..####.....


You could see an orc priest, 3 orcs and a giant cockroach.

Vanquished Creatures
  Terence (D:3)
  An adder (D:3)
  An orc (D:3)
  A giant cockroach (D:3)
  2 jackals (D:1)
  3 bats
  A frilled lizard (D:2)
  A kobold (D:3)
  3 rats
14 creatures vanquished.

Notes
Turn   | Place    | Note
-------+----------+-------------------------------------------
     0 | D:1      | M4edhros the Octopode Fighter began the quest for the Orb.
     0 | D:1      | Reached XP level 1. HP: 16/16 MP: 1/1
   226 | D:2      | Reached XP level 2. HP: 16/21 MP: 2/2
   427 | D:3      | Noticed Terence
   437 | D:3      | Killed Terence
   437 | D:3      | Reached XP level 3. HP: 4/26 MP: 3/3
   437 | D:3      | Killed from afar by an orc priest

Vault maps used:
D:1:      minmay_arrival_split_and_join, serial_bayou_pond_e,
          grunt_decor_one_mirror, hangedman_decor_growths
D:3:      lemuel_doored_altar, serial_bayou_lake_a, uniq_terence

Skill      XL: |  1  2  3 |
---------------+----------+-----
Long Blades    | 3 |  3.0
Fighting       | |  3.3
Dodging        | |  3.3
Shields        | |  3.3

Action                   || total
-------------------------++-------
Melee: Long sword        ||    34
       Tentacles         ||     8
       Constrict         ||     6
 Stab: Sleeping          ||     1
Armor: Skin              ||     8
Dodge: Dodged            ||    26
Block: Shield            ||    17
       Rpst.: Long sword ||     4
